 Dungeon Crawl Stone Soup version 0.27-a0-577-ge2a43ba0c9 (webtiles) character file.

Game seed: 3926367753211708130

5856 sahdkjhfkaj the Blocker (level 10, 0/49 HPs)
             Began as a Vine Stalker Fighter on Mar 10, 2021.
             Was an Initiate of Ru.
             Slain by Harold
             ... wielding a +4 vorpal long sword
              (1 damage)
             ... on level 8 of the Dungeon.
             The game lasted 00:10:21 (5756 turns).

sahdkjhfkaj the Blocker (Vine Stalker Fighter)      Turns: 5756, Time: 00:10:21

Health: 0/49       AC: 11    Str: 22    XL:     10   Next: 81%
Magic:  0/12       EV:  5    Int:  8    God:    Ru [......]
Gold:   527        SH: 12    Dex: 14    Spells: 11/11 levels left

rFire    . . .     SeeInvis .   a - +0 rapier (venom)
rCold    + . .     Faith    .   c - +0 kite shield
rNeg     . . .     Spirit   +   f - +0 plate armour
rPois    .         Reflect  .   (no helmet)
rElec    .         Harm     .   (no cloak)
rCorr    .         Rampage  .   (no gloves)
Will     +....                  (no boots)
Stlth    ..........             m - amulet of magic regeneration
HPRegen  1.16/turn              o - ring of protection from cold
MPRegen  0.38/turn              (no ring)

@: marked
A: fangs 3, regeneration 1, magic shield, antimagic bite, no potion heal 3
a: Renounce Religion


You were on level 8 of the Dungeon.
You worshipped Ru.
Ru was noncommittal.
You visited 2 branches of the dungeon, and saw 9 of its levels.
You also visited: Ossuary.

You collected 527 gold pieces.

Inventory:

Hand Weapons
 a - a +0 rapier of venom (weapon)
Missiles
 j - 14 poisoned darts (quivered)
 p - a throwing net
 v - 3 boomerangs
Armour
 c - a +0 kite shield (worn)
 f - a +0 plate armour (worn)
Jewellery
 m - an amulet of magic regeneration (around neck)
 o - a ring of protection from cold (left hand)
 u - a ring of protection from cold
Wands
 i - a wand of iceblast (9)
 q - a wand of flame (14)
 r - a wand of random effects (18)
 y - a wand of mindburst (12)
Scrolls
 b - 5 scrolls of amnesia
 e - 2 scrolls of enchant weapon {unknown}
 g - 2 scrolls of blinking {unknown}
 k - a scroll of enchant armour {unknown}
 l - a scroll of torment {unknown}
 E - a scroll of fear
 X - 2 scrolls of magic mapping {@r4}
 Y - 4 scrolls of teleportation {@r3}
 Z - a scroll of identify {@r1}
Potions
 d - a potion of invisibility {unknown}
 h - a potion of flight {unknown}
 n - a potion of ambrosia {unknown}
 s - 3 potions of haste {unknown}
 A - a potion of attraction
 J - 7 potions of curing {@q1}
 P - 2 potions of lignification
 T - 2 potions of berserk rage


   Skills:
 + Level 3.2 Fighting
 - Level 5.0 Short Blades
 - Level 2.4 Armour
 + Level 9.1 Stealth
 + Level 10.0 Shields
 + Level 1.1 Spellcasting
 - Level 7.0 Evocations


You had 11 spell levels left.
You didn't know any spells.
Your spell library contained the following spells:

 Spells                   Type           Power      Damage    Failure   Level
 Confusing Touch          Hex            0%         N/A       100%        3
 Gell's Gravitas          Tloc           0%         N/A       100%        3
 Petrify                  Tmut/Erth      0%         N/A       100%        4
 Metabolic Englaciation   Hex/Ice        0%         N/A       100%        5
 Yara's Violent Unravell  Hex/Tmut       0%         3d3       100%        5


Dungeon Overview and Level Annotations

Branches:
Dungeon (8/15)             Temple (1/1) D:5            Lair (0/6) D:8
Ossuary (visited)

Altars:
Ashenzari
Cheibriados
Dithmenos
Elyvilon
Fedhas
Gozag
Hepliaklqana
Kikubaaqudgha
Makhleb
Nemelex Xobeh
Okawaru
Qazlal
Ru
Sif Muna
Trog
Uskayaw
Vehumet
Wu Jian
Xom
Yredelemnul
Zin
The Shining One

Annotations:
D:8 Harold


Innate Abilities, Weirdness & Mutations

You have razor-sharp teeth.
Your natural rate of healing is unusually fast.
When hurt, damage is shared between your health and your magic reserves.
Your bite disrupts and absorbs the magic of your enemies.
Potions cannot restore your health.


Message History

The wyvern bites you!
* * * LOW HITPOINT WARNING * * *
Harold thinks, and says "Perhaps I'll take up fishing after I'm done here..."
You kill the wyvern!
Harold throws a throwing net.
Your Spellcasting skill increases to level 1!
You see here a throwing net.
Harold fires a harpoon shot at you. The harpoon shot hits you!
* * * LOW HITPOINT WARNING * * *
You are yanked forward by the harpoon shot.
Harold throws a throwing net.
The throwing net hits you.
You become entangled in the net!
You see here a throwing net.
You struggle against the net.
Harold points at you and mumbles some strange words.
You barely resist.
You struggle against the net.
Harold fires a harpoon shot at you. The harpoon shot hits you!
* * * LOW HITPOINT WARNING * * *
You are yanked forward by the harpoon shot.
Harold casts a spell at you. A sentinel's mark forms upon you.
Harold fires a harpoon shot at you. The harpoon shot hits you!
* * * LOW HITPOINT WARNING * * *
You are yanked forward by the harpoon shot.
Harold says, "Try to look on the bright side.
Your death will help put my children through school."
Harold fires a harpoon shot at you. The harpoon shot hits you!
* * * LOW HITPOINT WARNING * * *
You are yanked forward by the harpoon shot.
Harold considers, "I think I'll use your bounty to get a fishing boat..."
Harold casts a spell at you. The mark upon you grows brighter.
There is a stone staircase leading up here.
Harold hits you with a +4 vorpal long sword!
* * * LOW HITPOINT WARNING * * *
You die...

#####.#### #.........##...
#.### ##.##.#.#####.# #.#.##
#.#....# #.# #....# #.##.#.#
##'# ###.## #.##.#.# ##...
## #.# ###......###....
##.###.## #.........#.....
#...#.#.#####......#........
#...###.F@@................
#...#.#.#####......#........
#..###.## #.........#.....
#.# ### #.##.###.###.... #.
#........# ##... #
####.##### ##'# #.# #.# #.#
#.# #.# ##.#


You could see Harold and a bullfrog.

Vanquished Creatures
  Erica (D:8)
  2 two-headed ogres
  Maggie (D:7)
  A komodo dragon (D:8)
  Sigmund (D:2)
  A wyvern (D:8)
  Eustachio (D:4)
  Duvessa (D:6)
  2 orc warriors
  A hornet zombie (D:6)
  A sky beast (D:5)
  An ice beast (D:5)
  2 ogres
  2 centaurs
  A phantom (D:5)
  3 bullfrogs
  5 water moccasin zombies (Ossuary)
  Dowan (D:6)
  A water moccasin skeleton (D:5)
  2 scorpions
  5 killer bees (D:7)
  A centaur zombie (D:5)
  A jelly (D:7)
  A bullfrog skeleton (D:5)
  A hound (D:6)
  4 orc priests
  A gnoll shaman (D:7)
  Ijyb (D:4)
  An iguana (D:4)
  Natasha (thrice) (D:2)
  8 orc wizards
  5 worker ants
  3 mummies
  A hound skeleton (D:5)
  A worker ant zombie (D:5)
  5 gnolls (D:7)
  11 adders
  2 shadow imps
  An ufetubus (D:8)
  An ooze (D:4)
  2 adder zombies (Ossuary)
  4 adder skeletons
  A worm (D:3)
  3 dart slugs
  2 leopard geckos
  30 orcs
  2 ball pythons
  3 giant cockroaches
  2 gnoll zombies (Ossuary)
  7 goblins
  6 hobgoblins
  5 jackals (D:6)
  4 kobolds
  6 bats
  4 frilled lizards
  A giant cockroach zombie (D:6)
  4 hobgoblin zombies (Ossuary)
  9 kobold zombies (Ossuary)
  2 orc zombies (Ossuary)
  2 quokka skeletons (D:5)
  4 rats
191 creatures vanquished.

Vanquished Creatures (others)
  3 plants (D:8)
3 creatures vanquished.

Grand Total: 194 creatures vanquished

Notes
Turn   | Place    | Note
-------+----------+-------------------------------------------
     0 | D:1      | sahdkjhfkaj the Vine Stalker Fighter began the quest for
                  | the Orb.
     0 | D:1      | Reached XP level 1. HP: 11/11 MP: 2/2
   347 | D:1      | Reached XP level 2. HP: 11/16 MP: 1/3
   649 | D:1      | Reached skill level 3 in Shields
  1024 | D:2      | Noticed Sigmund
  1035 | D:2      | Killed Sigmund
  1036 | D:2      | Reached skill level 4 in Shields
  1036 | D:2      | Reached skill level 1 in Evocations
  1036 | D:2      | Reached XP level 3. HP: 11/20 MP: 4/4
  1036 | D:2      | Gained mutation: Your natural rate of healing is unusually
                  | fast. [Vine Stalker growth]
  1036 | D:2      | Reached XP level 4. HP: 13/24 MP: 5/5
  1036 | D:2      | Reached XP level 5. HP: 15/28 MP: 6/6
  1105 | D:2      | Found a glowing golden altar of the Shining One.
  1242 | D:2      | Noticed Natasha
  1247 | D:2      | Killed Natasha
  1248 | D:2      | Reached XP level 6. HP: 32/32 MP: 7/7
  1273 | D:2      | Noticed Natasha
  1284 | D:2      | Killed Natasha
  1354 | D:2      | Found a burning altar of Makhleb.
  1354 | D:2      | Noticed a green death
  1358 | D:2      | Noticed a ynoxinul
  1358 | D:2      | Noticed a hellwing
  1362 | D:2      | Noticed Natasha
  1371 | D:2      | Killed Natasha
  1617 | D:3      | Found a shadowy altar of Dithmenos.
  1797 | D:2      | Reached XP level 7. HP: 22/36 MP: 8/8
  1866 | D:4      | Noticed Eustachio
  1884 | D:4      | Killed Eustachio
  1970 | D:4      | Found a blossoming altar of Fedhas.
  1971 | D:4      | Noticed Ijyb
  1979 | D:4      | Killed Ijyb
  2007 | D:4      | Reached skill level 5 in Short Blades
  2013 | D:4      | Reached skill level 5 in Shields
  2189 | D:4      | Found a stormy altar of Qazlal.
  2404 | D:5      | Entered Level 5 of the Dungeon
  2411 | D:5      | Gained mutation: You have razor-sharp teeth. [Vine Stalker
                  | growth]
  2411 | D:5      | Reached XP level 8. HP: 37/40 MP: 6/9
  2561 | D:5      | Found a staircase to the Ecumenical Temple.
  2597 | Temple   | Entered the Ecumenical Temple
  2830 | Temple   | Became a worshipper of Ru the Awakened
  2935 | D:5      | Reached skill level 6 in Shields
  3071 | D:5      | Reached skill level 5 in Evocations
  3218 | D:5      | Reached skill level 7 in Shields
  3721 | D:6      | Reached skill level 1 in Stealth
  3910 | D:6      | Noticed Duvessa
  3911 | D:6      | Noticed Dowan
  3918 | D:6      | Killed Duvessa
  3919 | D:6      | Reached XP level 9. HP: 44/44 MP: 10/10
  3927 | D:6      | Killed Dowan
  4175 | D:6      | Noticed a two-headed ogre
  4204 | D:6      | Killed a two-headed ogre
  4264 | D:6      | Reached skill level 5 in Stealth
  4264 | D:6      | Reached skill level 8 in Shields
  4349 | D:7      | Found a basalt altar of Yredelemnul.
  4462 | D:7      | Noticed Maggie
  4476 | D:7      | Killed Maggie
  4556 | D:7      | Noticed a +0 falchion
  4556 | D:7      | Noticed a +0 spear
  4556 | D:7      | Noticed a +0 dagger
  4567 | D:7      | Noticed a +0 falchion
  4567 | D:7      | Noticed a +0 short sword
  4567 | D:7      | Noticed a +0 spear
  4569 | D:7      | Noticed a +0 short sword
  4569 | D:7      | Noticed a +0 dagger
  4699 | D:7      | Reached XP level 10. HP: 48/49 MP: 9/11
  4869 | D:7      | Found a sand-covered staircase.
  4883 | Ossuary  | Entered an ossuary
  5169 | D:7      | Reached skill level 9 in Shields
  5179 | D:7      | Found an ancient bone altar of Kikubaaqudgha.
  5179 | D:7      | Found a shimmering blue altar of Sif Muna.
  5182 | D:7      | Found a radiant altar of Vehumet.
  5204 | D:7      | Found a hide-covered altar of Uskayaw.
  5300 | D:8      | Found a staircase to the Lair.
  5438 | D:8      | Noticed Erica
  5452 | D:8      | Killed Erica
  5570 | D:8      | Noticed a two-headed ogre
  5581 | D:8      | Killed a two-headed ogre
  5582 | D:8      | Reached skill level 10 in Shields
  5716 | D:8      | Noticed Harold
  5730 | D:8      | Reached skill level 1 in Spellcasting
  5756 | D:8      | HP: 1/49 [Harold/+4 vorpal long sword (9)]
  5756 | D:8      | Slain by Harold

Illustrated notes

Levels and vault maps discovered:
D:1:      dpeg_arrival_rooms_a, layout_loops_ring
D:2:      layout_rooms, makhleb_altar_promises_db, nicolae_tso_carved_into_rock,
          uniq_sigmund, uniq_natasha
D:3:      layout_rooms, nicolae_dithmenos_through_a_glass_darkly
D:4:      layout_rooms, nicolae_qazlal_scattered_showers, kennysheep_little_box,
          uniq_eustachio, uniq_ijyb
D:5:      layout_basic, minmay_temple_entry_glass, st_stairs_14
D:6:      layout_loops_ring, minmay_three_doors, uniq_duvessa
D:7:      layout_rooms, palyth_temple_overflow_mages, nicolae_uskayaw_en_pointe,
          general_overflow_altar, gup_ossuary_entry_pyramid, feat_on_display,
          uniq_maggie
D:8:      layout_loops_corners, david_lair_shrubbed, special_room
          [special_room_orc], minmay_quadrilaterals, uniq_prince_ribbit1,
          uniq_harold, uniq_erica
Temple:   hc_temple_tempest_star

Skill      XL: |  1  2  3  4  5  6  7  8  9 10 |
---------------+-------------------------------+-----
Short Blades   | 2 3 4 5 |  5.0
Fighting       | 3 |  3.2
Shields        | 4 5 7 8 10 | 10.0
Evocations     | 1 2 3 5 7 |  7.0
Stealth        | 2 6 9 |  9.1
Spellcasting   | 1 |  1.1
Armour         | |  2.4

Action                   |  1- 3 |  4- 6 |  7- 9 | 10-12 || total
-------------------------+-------+-------+-------+-------++-------
Melee: Rapier            |    49 |   102 |   281 |   230 ||   662
       Bite              |    13 |    32 |   104 |    94 ||   243
Throw: Dart              |       |       |     8 |       ||     8
Invok: Reject Sacrifices |       |       |     1 |       ||     1
Evoke: Wand              |       |       |       |     2 ||     2
  Use: Potion            |     1 |       |     1 |       ||     2
       Scroll            |       |     3 |     6 |     1 ||    10
Armor: Scale mail        |    19 |     2 |       |       ||    21
       Plate armour      |       |    63 |   162 |    95 ||   320
Dodge: Dodged            |    23 |    13 |    57 |    27 ||   120
Block: Kite shield       |    20 |    55 |   163 |   128 ||   366

Table legend: (Time is in decaauts)
 A = Elapsed time spent in this place.
 B = Non-inter-level travel time spent in this place.
 C = Inter-level travel time spent in this place.
 D = Time resting spent in this place.
 E = Time spent auto-exploring this place.
 F = Levels seen in this place.
 G = Mean time per level.
                   A        B        C        D        E       F      G
               +--------+--------+--------+--------+--------+-----+--------+
         Total |   5847 |   5648 |    199 |      7 |   4334 |  10 |  584.7 |
       Dungeon |   5397 |   5226 |    171 |      7 |   4029 |   8 |  674.6 |
        Temple |    254 |    226 |     28 |      0 |    223 |   1 |  254.0 |
       Ossuary |    194 |    194 |      0 |      0 |     82 |   1 |  194.0 |
               +--------+--------+--------+--------+--------+-----+--------+

Top non-repeatable levels by time:
     D:1: 988 daAuts
     D:5: 917 daAuts
     D:7: 781 daAuts
     D:6: 760 daAuts
     D:2: 564 daAuts
     D:4: 546 daAuts
     D:8: 484 daAuts
     D:3: 354 daAuts
  Temple: 254 daAuts
 Ossuary: 194 daAuts
